 Dungeon Crawl Stone Soup version 0.19.1 (webtiles) character file.

170 Menchi the Sneak (level 5, -1/40 HPs)
             Began as a Merfolk Assassin on Dec 13, 2016.
             Slain by a hobgoblin (4 damage)
             ... led by Robin
             ... on level 3 of the Dungeon.
             The game lasted 00:09:26 (2401 turns).

Menchi the Sneak (Merfolk Assassin)                 Turns: 2401, Time: 00:09:27

Health: -1/40      AC:  4    Str: 11    XL:     5   Next: 51%
Magic:  5/5        EV: 13    Int: 10    God:
Gold:   109        SH:  4    Dex: 17    Spells: 0 memorised, 4 levels left

rFire  . . .     SeeInvis .     h - +4 short sword
rCold  . . .     Gourm    .     c - +0 robe
rNeg   . . .     Faith    .     (no shield)
rPois  .         Spirit   .     (no helmet)
rElec  .         Reflect  +     d - +1 cloak
rCorr  +         Harm     .     (no gloves)
MR     .....                    (no boots)
Stlth  +++.......               o - +4 amulet of reflection
                                (no ring)
                                r - ring of resist corrosion

@: no status effects
A: change form in water, swift swim, stealthy swim
a: no special abilities


You were on level 3 of the Dungeon.
You were not hungry.

You visited 1 branch of the dungeon, and saw 3 of its levels.

You collected 109 gold pieces.

Inventory:

Hand Weapons
 h - a +4 short sword (weapon)
 l - a +2 dagger of draining
Armour
 c - a +0 robe (worn)
 d - a +1 cloak (worn)
Jewellery
 o - a +4 amulet of reflection (around neck)
 r - a ring of resist corrosion (left hand)
Wands
 n - a wand of flame (33/48)
Scrolls
 i - a scroll of remove curse
 m - 5 scrolls of identify
 s - 2 scrolls of immolation {unknown}
 v - 2 scrolls of fog {unknown}
Potions
 a - a potion of brilliance {unknown}
 f - a potion of haste {unknown}
 j - a potion of mutation {unknown}
 p - a potion of berserk rage {unknown}
 u - a potion of agility {unknown}
Comestibles
 b - 5 meat rations
 g - 2 bread rations
 k - a beef jerky
 t - 6 chunks of flesh


   Skills:
 + Level 2.9 Fighting
 * Level 4.7 Short Blades
 - Level 2.0 Throwing
 * Level 2.5 Dodging
 + Level 5.7 Stealth


You had 4 spell levels left.
You didn't know any spells.

Dungeon Overview and Level Annotations

Branches:
Dungeon (3/15)

Altars:


Message History

The hobgoblin is heavily wounded.
The hobgoblin closely misses you. The hobgoblin barely misses you.
You barely miss the hobgoblin.
The hobgoblin is heavily wounded.
The hobgoblin hits you.
* * * LOW HITPOINT WARNING * * *
You hit the hobgoblin.
You kill the hobgoblin!
You block the hobgoblin's attack.
You hit the hobgoblin.
You kill the hobgoblin!
You hit the hobgoblin.
The hobgoblin is severely wounded.
The hobgoblin barely misses you.
You closely miss the hobgoblin.
The hobgoblin is severely wounded.
The hobgoblin no longer looks unusually strong.
You block the hobgoblin's attack. The hobgoblin hits you.
You die...

########.#
##........#
#####...#####†#
#...............
#.###...###.......
##.## #.#######
#.# #. ###.# #. #
#.@.# #
###.##g######.
#.....K.......
#.#.##.###.### #
#$# #....).>#
#.........
#.......##.#
#....#.## #


You could see a hobgoblin and a kobold.

Vanquished Creatures
  Robin (D:3)
  6 adders
  2 oozes
  3 worms (D:2)
  A dart slug (D:2)
  5 leopard geckos
  3 orcs (D:3)
  2 giant cockroaches
  11 goblins
  7 hobgoblins
  9 jackals
  4 kobolds
  A quokka (D:3)
  2 ball pythons
  7 bats
  7 frilled lizards
  9 rats
80 creatures vanquished.

Notes
Turn   | Place    | Note
-------+----------+-------------------------------------------
     0 | D:1      | Menchi the Merfolk Assassin began the quest for the Orb.
     0 | D:1      | Reached XP level 1. HP: 16/16 MP: 1/1
   214 | D:1      | Reached XP level 2. HP: 23/23 MP: 2/2
   657 | D:1      | Reached skill level 5 in Stealth
   900 | D:2      | Reached XP level 3. HP: 28/28 MP: 3/3
  1654 | D:2      | Reached XP level 4. HP: 34/34 MP: 4/4
  2160 | D:3      | Found a faded altar of an unknown god.
  2221 | D:3      | Reached XP level 5. HP: 34/40 MP: 5/5
  2358 | D:3      | Noticed Robin
  2386 | D:3      | HP: 1/40 [hobgoblin[Robin] (4)]
  2389 | D:3      | Killed Robin
  2396 | D:3      | HP: 2/40 [hobgoblin[Robin] (1)]
  2401 | D:3      | Slain by a hobgoblin

Skill      XL: |  1  2  3  4 |
---------------+-------------+-----
Stealth        | 5 |  5.7
Dodging        | 2 |  2.5
Short Blades   | 3 4 |  4.7
Fighting       | |  2.9
Throwing       | |  2.0

Action                   |  1- 3 |  4- 6 || total
-------------------------+-------+-------++-------
Melee: Dagger            |    72 |     1 ||    73
       Short sword       |    36 |   110 ||   146
  Use: Scroll            |     4 |     1 ||     5
       Potion            |       |     1 ||     1
 Stab: Sleeping          |    15 |    10 ||    25
  Eat: Chunk             |     2 |     3 ||     5
Armor: Robe              |    23 |    20 ||    43
Dodge: Dodged            |    66 |    69 ||   135
Block: Other             |     3 |    16 ||    19
       Reflection        |       |     1 ||     1
